 Dungeon Sprint DCSS version 0.23-a0-447-g7b583b2f2c (webtiles) character file.

3325 Jannitor the Black Belt (level 9, -13/83 HPs)
             Began as a Demonspawn Monk on Nov 19, 2018.
             Was a High Priest of Okawaru.
             Mangled by a spiny frog (19 damage)
             ... in the Dungeon (Sprint III: "The Ten Rune Challenge").
             The game lasted 00:05:50 (2230 turns).

Jannitor the Black Belt (Demonspawn Monk)           Turns: 2230, Time: 00:05:51

Health: -13/83     AC:  5    Str: 15    XL:     9   Next: 71%
Magic:  11/14      EV: 20    Int: 12    God:    Okawaru [*****.]
Gold:   36         SH:  0    Dex: 15    Spells: 7/8 levels left

rFire    . . .     SeeInvis .     - Unarmed
rCold    . . .     Gourm    .   (no shield)
rNeg     . . .     Faith    .   j - +0 leather armour
rPois    .         Spirit   .   (no helmet)
rElec    .         Reflect  .   (no cloak)
rCorr    .         Harm     .   (gloves unavailable)
MR       .....     NoTele   +   (no boots)
Stlth    +++.......             (no amulet)
HPRegen  0.63/turn              (no ring)
MPRegen  0.14/turn              (no ring)

@: lethally poisoned (-13 -> -16), heroism, very slightly contaminated
A: claws 3, iridescent scales 1, regeneration 1, robust 1
a: Heroism, Finesse, Renounce Religion


You were in the Dungeon.
You worshipped Okawaru.
Okawaru was extremely pleased with you.
You were not hungry.

You visited 1 branch You collected 36 gold pieces.

Inventory:

Hand Weapons
 a - a +0 mace
Missiles
 h - a throwing net (quivered)
Armour
 b - a +0 robe
 j - a +0 leather armour (worn)
Scrolls
 l - 3 scrolls of remove curse
Potions
 g - 2 potions of magic
 m - 3 potions of flight
 p - 2 potions of mutation
Miscellaneous
 e - a phantom mirror
Comestibles
 c - 4 rations


   Skills:
 + Level 9.1(14.1) Fighting
 - Level 5.3(10.3) Maces & Flails
 + Level 7.6(12.6) Dodging
 - Level 1.7(6.7) Stealth
 * Level 15.6(20.6) Unarmed Combat
 + Level 7.8 Invocations


You had 7 spell levels left.
You knew the following spells:

 Your Spells              Type           Power        Failure   Level  Hunger
a - Confusing Touch       Hex            #.....       36%         1    ##.....

Your spell library contained the following spells:

 Spells                   Type           Power        Failure   Level  Hunger
 Freeze                   Ice            #...         36%         1    ##.....
 Throw Frost              Conj/Ice       #.....       52%         2    ###....
 Confuse                  Hex            #.......     75%         3    ####...
 Gell's Gravitas          Tloc           #.........   75%         3    ####...
 Ozocubu's Armour         Chrm/Ice       #.......     75%         3    ####...
 Petrify                  Tmut/Erth      #.......     98%         4    #####..
 Summon Ice Beast         Ice/Summ       #.......     98%         4    #####..
 Throw Icicle             Conj/Ice       #.......     98%         4    #####..
 Metabolic Englaciation   Hex/Ice        #.........   100%        5    ######.
 Yara's Violent Unravell  Hex/Tmut       #.........   100%        5    ######.


Dungeon Overview and Level Annotations

Branches:
Dungeon (1/1)

Altars:
Cheibriados
Dithmenos
Elyvilon
Fedhas
Gozag
Hepliaklqana
Kikubaaqudgha
Makhleb
Nemelex Xobeh
Okawaru
Qazlal
Ru
Sif Muna
Trog
Uskayaw
Vehumet
Wu Jian
Xom
Yredelemnul
Zin
The Shining One
Beogh
Jiyva
Lugonu


Innate Abilities, Weirdness & Mutations

You have claws for hands.
You are partially covered in iridescent scales. (AC +2)
Your natural rate of healing is unusually fast.
You are robust. (+10% HP)


Message History

* * * LOW HITPOINT WARNING * * *
Unknown command.
Casting: Confusing Touch (safe; 36% risk of failure)
Confirm with . or Enter, or press ? or * to list all spells.
You miscast Confusing Touch.
You are very lightly contaminated with residual magic.
Nothing appears to happen.
The spiny frog misses you. The spiny frog barely misses you.
You claw the spiny frog!
The spiny frog is moderately wounded.
The spiny frog stings you!
* * * LOW HITPOINT WARNING * * *
The spiny frog stings you.
* * * LOW HITPOINT WARNING * * *
You are poisoned.
The spiny frog poisons you!
You scratch the spiny frog but do no damage.
The spiny frog is moderately wounded.
You feel sick. The spiny frog stings you!!
You die...

##...'.⌠........#
##...#...######'#
#....#.⌠.#__#...#+###############
.....#...#__#...#....#.#.#.)...#.
.....#)###__#.).##.#..#.##.###.#.
.....#...#__#...)##.#.#.##.#.)##.
#....#___#__'...#...#..#..##))'..
▓▓▓▓▓▓▓▓▓▓▓▓▓▓▓▓▓▓▓▓▓▓▓▓▓▓▓▓▓▓#..
♣≈lF@.......≈≈≈...#..
♣'♣≈F≈≈≈≈≈≈≈≈≈≈♣♣P.'..
.≈♣♣♣♣♣♣♣♣♣♣♣♣♣♣♣♣PP#.. #..
♣♣♣##+ ##


You could see a komodo dragon and 2 spiny frogs.

Vanquished Creatures
  Erolcha (D)
  A deep elf mage (D)
  A shadow (D)
  2 redbacks (D)
  A spatial vortex (D)
  A necrophage (D)
  5 two-headed ogres (D)
  3 wandering mushrooms (D)
  A water elemental (D)
  A jelly (D)
  A wizard (D)
  Jessica (D)
  A necromancer (D)
  3 humans (D)
  A kobold demonologist (D)
  A wolf (D)
  An ooze (D)
  2 rats (D)
28 creatures vanquished.

Vanquished Creatures (others)
  2 draconian scorchers (D)
  6 hellions (D)
  3 yaktaurs (D)
  2 plants (D)
13 creatures vanquished.

Grand Total: 41 creatures vanquished

Notes
Turn   | Place    | Note
-------+----------+-------------------------------------------
     0 | D        | Jannitor the Demonspawn Monk began the quest for the Orb.
     0 | D        | Reached XP level 1. HP: 18/18 MP: 1/1
    91 | D        | Killed a hellion
    99 | D        | Killed a hellion
   100 | D        | Killed a yaktaur
   166 | D        | Killed a hellion
   166 | D        | Killed a hellion
   186 | D        | Killed a white draconian scorcher
   194 | D        | Killed a hellion
   196 | D        | Noticed Jessica
   200 | D        | Killed a white draconian scorcher
   209 | D        | Killed Jessica
   209 | D        | Reached skill level 5 in Maces & Flails
   209 | D        | Gained mutation: You have sharp fingernails. [demonic
                  | ancestry]
   209 | D        | Reached XP level 2. HP: 22/26 MP: 2/2
   209 | D        | Gained mutation: You have very sharp fingernails. [demonic
                  | ancestry]
   209 | D        | Reached XP level 3. HP: 27/31 MP: 3/3
   226 | D        | Killed a hellion
   328 | D        | Reached skill level 2 in Unarmed Combat
   334 | D        | Reached skill level 3 in Unarmed Combat
   448 | D        | Gained mutation: Your system is resistant to poisons.
                  | (rPois) [potion of mutation]
   448 | D        | Gained mutation: Your spells are a little harder to cast,
                  | but a little more powerful. [potion of mutation]
   449 | D        | Lost mutation: Your system is resistant to poisons. (rPois)
                  | [potion of mutation]
   449 | D        | Lost mutation: Your spells are a little harder to cast, but
                  | a little more powerful. [potion of mutation]
   449 | D        | Gained mutation: Scrolls take you a little longer to read.
                  | [potion of mutation]
   449 | D        | Gained mutation: You expend magic power (3 MP) to
                  | strengthen your wands. [potion of mutation]
   450 | D        | Lost mutation: Scrolls take you a little longer to read.
                  | [potion of mutation]
   450 | D        | Lost mutation: You expend magic power (3 MP) to strengthen
                  | your wands. [potion of mutation]
   450 | D        | Gained mutation: Your natural rate of healing is unusually
                  | fast. [potion of mutation]
   450 | D        | Gained mutation: You are robust. (+10% HP) [potion of
                  | mutation]
   450 | D        | Gained mutation: You have claws for hands. [potion of
                  | mutation]
   507 | D        | Noticed a water elemental
   513 | D        | Found a hide-covered altar of Uskayaw.
   513 | D        | Found a roughly hewn altar of Beogh.
   513 | D        | Found an iron altar of Okawaru.
   513 | D        | Found a bloodstained altar of Trog.
   513 | D        | Found an ornate altar of the Wu Jian Council.
   513 | D        | Noticed a human
   513 | D        | Noticed a human
   517 | D        | Became a worshipper of Warmaster Okawaru
   517 | D        | Reached * piety under Okawaru
   517 | D        | Reached ** piety under Okawaru
   574 | D        | Killed a human
   574 | D        | Reached skill level 8 in Unarmed Combat
   574 | D        | Reached XP level 4. HP: 6/41 MP: 1/4
   574 | D        | Reached XP level 5. HP: 7/47 MP: 1/5
   661 | D        | Killed a yaktaur
   745 | D        | Noticed a deep elf mage
   923 | D        | Killed a water elemental
   923 | D        | Reached *** piety under Okawaru
   923 | D        | Reached skill level 9 in Unarmed Combat
  1099 | D        | Killed a deep elf mage
  1099 | D        | Reached skill level 12 in Unarmed Combat
  1099 | D        | Reached XP level 6. HP: 48/53 MP: 3/6
  1099 | D        | Gained mutation: You are partially covered in iridescent
                  | scales. (AC +2) [demonic ancestry]
  1099 | D        | Reached XP level 7. HP: 55/60 MP: 3/7
  1245 | D        | Found a glowing silver altar of Zin.
  1254 | D        | Killed a human
  1254 | D        | Reached skill level 5 in Fighting
  1254 | D        | Reached skill level 13 in Unarmed Combat
  1258 | D        | Found a glowing golden altar of the Shining One.
  1259 | D        | Found a white marble altar of Elyvilon.
  1271 | D        | Found a radiant altar of Vehumet.
  1271 | D        | Found a deep blue altar of Sif Muna.
  1271 | D        | Found an ancient bone altar of Kikubaaqudgha.
  1287 | D        | Learned a level 1 spell: Confusing Touch
  1345 | D        | Found a basalt altar of Yredelemnul.
  1345 | D        | Found a shadowy altar of Dithmenos.
  1345 | D        | Found a sacrificial altar of Ru.
  1358 | D        | Killed a yaktaur
  1464 | D        | Noticed a shadow
  1466 | D        | Killed a shadow
  1466 | D        | Reached XP level 8. HP: 68/70 MP: 2/8
  1515 | D        | Found a blossoming altar of Fedhas.
  1515 | D        | Found a stormy altar of Qazlal.
  1515 | D        | Found a snail-covered altar of Cheibriados.
  1515 | D        | Found a burning altar of Makhleb.
  1515 | D        | Found a shimmering altar of Xom.
  1516 | D        | Found a hazy altar of Hepliaklqana.
  1516 | D        | Found an opulent altar of Gozag.
  1516 | D        | Found a sparkling altar of Nemelex Xobeh.
  1516 | D        | Found a corrupted altar of Lugonu.
  1516 | D        | Found a viscous altar of Jiyva.
  1528 | D        | Reached skill level 5 in Dodging
  1604 | D        | Reached skill level 14 in Unarmed Combat
  1614 | D        | Reached skill level 1 in Invocations
  1693 | D        | Noticed a two-headed ogre
  1702 | D        | Killed a two-headed ogre
  1791 | D        | Noticed a two-headed ogre
  1791 | D        | Noticed Erolcha
  1800 | D        | Killed a two-headed ogre
  1800 | D        | Reached **** piety under Okawaru
  1958 | D        | Reached skill level 5 in Invocations
  1958 | D        | Mutation became permanent: You have very sharp fingernails.
                  | [demonic ancestry]
  1958 | D        | Gained mutation: You have claws for hands. [demonic
                  | ancestry]
  1958 | D        | Reached XP level 9. HP: 53/81 MP: 9/12
  1961 | D        | Killed Erolcha
  1961 | D        | Reached ***** piety under Okawaru
  1961 | D        | Reached skill level 15 in Unarmed Combat
  2070 | D        | Noticed a wandering mushroom
  2075 | D        | Noticed a wandering mushroom
  2077 | D        | Noticed a wandering mushroom
  2147 | D        | Killed a wandering mushroom
  2222 | D        | Noticed a spiny frog
  2222 | D        | Noticed a komodo dragon
  2222 | D        | Noticed a spiny frog
  2230 | D        | Mangled by a spiny frog

Vault maps used:
D:        dungeon_sprint_mu

Skill      XL: |  1  2  3  4  5  6  7  8  9 |
---------------+----------------------------+-----
Maces & Flails | 5 |  5.3
Fighting       | 4 6 8 9 |  9.1
Unarmed Combat | 8 12 13 14 15 | 15.6
Dodging        | 4 6 7 |  7.6
Invocations    | 5 7 |  7.8
Stealth        | |  1.7

Action                   |  1- 3 |  4- 6 |  7- 9 || total
-------------------------+-------+-------+-------++-------
Melee: Mace              |    21 |       |       ||    21
       Unarmed           |    20 |     7 |    77 ||   104
       Punch             |     1 |       |     6 ||     7
 Cast: Confusing Touch   |       |       |    12 ||    12
Invok: Heroism           |     1 |     2 |    13 ||    16
  Use: Potion            |     6 |       |     2 ||     8
       Scroll            |     5 |       |       ||     5
 Stab: Sleeping          |     2 |       |     3 ||     5
       Confused          |       |       |     5 ||     5
       Distracted        |       |       |     2 ||     2
  Eat: Chunk             |       |       |     5 ||     5
Armor: Leather armour    |     1 |       |     6 ||     7
       Robe              |     1 |       |       ||     1
Dodge: Dodged            |    19 |     2 |    32 ||    53

Table legend:
 A = Non-vault XP
 B = Vault XP
 C = Vault XP percentage of total XP
 D = Non-vault monster count
 E = Vault monster count
 F = Vault count percentage of total count
                 A         B        C        D         E       F
            +---------+---------+-------+---------+---------+-------
      Total |       0 |    4751 | 100.0 |       0 |      28 | 100.0
            +---------+---------+-------+---------+---------+-------
          D |       0 |    4751 | 100.0 |       0 |      28 | 100.0
            +---------+---------+-------+---------+---------+-------
